 Dungeon Crawl Stone Soup version 0.17.1-1-g73c8601 (webtiles) character file.

3031 Arkorax the Cruncher (level 9, -4/82 HPs)
             Began as a Mottled Draconian Gladiator on Dec 26, 2015.
             Was a Priest of Yredelemnul.
             Slain by an eight-headed hydra (13 damage)
             ... on level 7 of the Dungeon.
             The game lasted 00:14:31 (10183 turns).

Arkorax the Cruncher (Mottled Draconian Gladiator) Turns: 10183, Time: 00:14:31

Health: -4/82      AC:  9    Str: 17    XL:     9   Next: 56%
Magic:  12/12      EV: 13    Int:  9    God:    Yredelemnul [***...]
Gold:   302        SH:  0    Dex: 15    Spells: 0 memorised, 8 levels left

rFire  + . .     SeeInvis .     a - +1 quarterstaff
rCold  . . .     Clarity  .     (armour unavailable)
rNeg   + . .     SustAt   .     (shield currently unavailable)
rPois  .         Gourm    .     b - +0 hat
rElec  .         Spirit   .     f - +0 cloak
rCorr  .         Warding  .     (no gloves)
rMut   .         Stasis   .     y - +0 pair of boots
MR     .....                    (no amulet)
Stlth  +.........               G - ring of positive energy
                                m - ring of protection from fire

@: not resistant to hostile enchantments, very unstealthy
A: breathe sticky flame splash, unfitting armour, cold-blooded, AC +7
a: Breathe Sticky Flame, Recall Undead Slaves, Injury Mirror, Animate Dead,
Renounce Religion


You were on level 7 of the Dungeon.
You worshipped Yredelemnul.
Yredelemnul was most pleased with you.
You were not hungry.

You visited 1 branch of the dungeon, and saw 7 of its levels.

You collected 302 gold pieces.

Inventory:

Hand Weapons
 a - a +1 quarterstaff (weapon)
 I - a +1 glaive of freezing
Missiles
 c - 3 throwing nets (quivered)
Armour
 b - a +0 hat (worn)
 f - a +0 cloak (worn)
 y - a +0 pair of boots (worn)
Jewellery
 m - a ring of protection from fire (left hand)
 D - an uncursed ring of fire
 G - a ring of positive energy (right hand)
Wands
 n - a wand of draining (9)
 t - a wand of slowing (9)
 u - a wand of fire (1)
 x - a wand of random effects (28)
 E - a wand of digging (12)
 F - a wand of frost (27)
Scrolls
 j - a scroll of amnesia
 o - a scroll of magic mapping
 q - 2 scrolls of enchant weapon
 r - a scroll of remove curse
 v - a scroll of noise
 H - a scroll of identify
 J - a scroll of fear
Potions
 e - 2 potions of curing
 h - 2 potions of degeneration
 k - a potion of ambrosia
 l - a potion of brilliance
 w - 2 potions of mutation {unknown}
 z - a potion of agility
 A - a potion of lignification {unknown}
 B - a potion of might
 C - a potion of cancellation
Comestibles
 d - 2 meat rations
 g - 2 slices of pizza
 p - 4 bread rations
 s - a royal jelly


   Skills:
 - Level 8.8 Fighting
 + Level 10.3 Staves
 - Level 1.7 Throwing
 - Level 2.6 Dodging
 + Level 4.7 Invocations


You had 8 spell levels left.
You didn't know any spells.

Dungeon Overview and Level Annotations

Branches:
Dungeon (7/15)             Temple (0/1) D:4

Altars:
Elyvilon
Ru
Trog
Xom
Yredelemnul

Shops:
D:5 (

Annotations:
D:4 Arkorax's ghost, amateur OgFi
D:5 1 runed door, Arkorax's ghost, amateur OgFi


Innate Abilities, Weirdness & Mutations

You can spit globs of burning liquid.
You can ignite nearby creatures when you spit burning liquid.
Your weird mottled scales are hard (AC +7).
Your body does not fit into most forms of armour.
You are cold-blooded and may be slowed by cold attacks.


Message History

The eight-headed hydra barely misses you.
The eight-headed hydra bites you but does no damage. x2
The eight-headed hydra bites you!
* * * LOW HITPOINT WARNING * * *
Unknown command.
Things that are here:
a short sword; a giant club Drink which item? (? for menu, Esc to quit)
You feel much better.
The eight-headed hydra bites you but does no damage. x2
The eight-headed hydra bites you!
* * * LOW HITPOINT WARNING * * *
The eight-headed hydra bites you.
* * * LOW HITPOINT WARNING * * *
The eight-headed hydra bites you!
* * * LOW HITPOINT WARNING * * *
The eight-headed hydra bites you but does no damage.
The eight-headed hydra bites you!
You die...
Your body rises from the dead as a mindless zombie.

#..#....# #.#
#..#....# #)#
#..#....# #.#
#..#....# #.#
..#.#..#..).# #(#
..#.#..#.##.## #.#
..#.#..#[##..# #.#
..#.#..#)###.###D#
..#.#..#.###).##@#
..#.#.<...##.....#
..#.#.....##.....#
...YY.....##.....#
...##.....##.....###
.....[....##.......#
...##.....##.......#
#####...[.##.......#
#.....##.......#


You could see an eight-headed hydra.

Vanquished Creatures
  3 yaks (D:7)
  A soldier ant (D:5)
  2 ice beasts
  A phantom (D:6)
  The ghost of riffraff the Ruffian, an amateur MiMo (D:3)
  3 orc warriors
  2 centaurs
  2 ogres
  A giant frog (D:5)
  A big kobold (D:7)
  A gnoll sergeant (D:5)
  A water moccasin zombie (D:6)
  A jelly (D:5)
  2 crimson imps
  8 worker ants
  4 orc priests
  4 orc wizards
  Ijyb (D:2)
  3 hounds
  A giant frog skeleton (D:4)
  Terence (D:2)
  Natasha (thrice) (D:3)
  A hound skeleton (D:5)
  A worker ant zombie (D:5)
  Robin (D:2)
  17 gnolls
  7 adders
  A shadow imp (D:5)
  3 oozes
  3 worms
  2 giant geckos
  25 orcs
  3 ball pythons
  7 bats
  9 giant cockroaches
  16 goblins
  10 hobgoblins
  5 jackals
  2 quokkas
  4 giant newts
  15 kobolds
  2 quokka skeletons (D:5)
  13 rats
194 creatures vanquished.

Vanquished Creatures (collateral kills)
  A hippogriff (D:7)
  3 orcs (D:5)
4 creatures vanquished.

Vanquished Creatures (others)
  A wight (D:7)
  A gnoll zombie (D:5)
  A gnoll skeleton (D:5)
3 creatures vanquished.

Grand Total: 201 creatures vanquished

Notes
Turn   | Place    | Note
--------------------------------------------------------------
     0 | D:1      | Arkorax the Draconian Gladiator began the quest for the Orb.
     0 | D:1      | Reached XP level 1. HP: 17/17 MP: 1/1
   205 | D:1      | Reached XP level 2. HP: 8/25 MP: 2/2
  1189 | D:1      | Reached XP level 3. HP: 27/30 MP: 3/3
  1374 | D:2      | Noticed Terence
  1381 | D:2      | Killed Terence
  1381 | D:2      | Reached skill level 4 in Staves
  1459 | D:2      | Reached XP level 4. HP: 25/38 MP: 4/4
  1652 | D:2      | Found a basalt altar of Yredelemnul.
  1668 | D:2      | Noticed Robin
  1799 | D:2      | Became a worshipper of Yredelemnul the Dark
  1830 | D:2      | Killed Robin
  1864 | D:2      | Found a sacrificial altar of Ru.
  2050 | D:2      | Found a white marble altar of Elyvilon.
  2422 | D:2      | Reached * piety under Yredelemnul
  2467 | D:2      | Found a shimmering altar of Xom.
  2507 | D:2      | Noticed Ijyb
  2521 | D:2      | Killed Ijyb
  2521 | D:2      | Reached XP level 5. HP: 24/47 MP: 5/5
  2942 | D:3      | Noticed Natasha
  3148 | D:3      | Killed Natasha
  3148 | D:3      | Reached skill level 5 in Staves
  3222 | D:3      | Noticed Natasha
  3479 | D:2      | Reached skill level 5 in Fighting
  3479 | D:2      | Reached XP level 6. HP: 43/56 MP: 6/6
  3494 | D:3      | Killed Natasha
  3666 | D:3      | Noticed Natasha
  3672 | D:3      | Killed Natasha
  3725 | D:3      | Noticed a moth of wrath
  3728 | D:3      | Found a bloodstained altar of Trog.
  3749 | D:3      | Noticed riffraff's ghost (amateur MiMo)
  3781 | D:3      | Killed riffraff's ghost
  4425 | D:3      | Reached ** piety under Yredelemnul
  4785 | D:3      | Reached skill level 6 in Staves
  5145 | D:4      | Your scales start taking on a weird mottled colour.
  5145 | D:4      | Reached XP level 7. HP: 47/62 MP: 7/7
  5277 | D:4      | Noticed Arkorax's ghost (amateur OgFi)
  5812 | D:4      | Found a staircase to the Ecumenical Temple.
  6184 | D:5      | Entered Level 5 of the Dungeon
  6627 | D:5      | Reached skill level 7 in Staves
  7192 | D:5      | Reached XP level 8. HP: 36/73 MP: 8/8
  7713 | D:5      | Found a runed door.
  7763 | D:5      | Found a runed door.
  7839 | D:5      | Found Xamen's Weapon Emporium.
  7847 | D:5      | Reached skill level 8 in Fighting
  8484 | D:6      | Reached skill level 9 in Staves
  9011 | D:6      | Reached *** piety under Yredelemnul
  9515 | D:7      | Reached XP level 9. HP: 82/82 MP: 9/9
  9572 | D:7      | Reached skill level 1 in Invocations
  9850 | D:7      | Reached skill level 10 in Staves
 10130 | D:7      | Received a gift from Yredelemnul
 10155 | D:7      | Noticed an eight-headed hydra
 10180 | D:7      | HP: 3/82 [eight-headed hydra (8)]
 10183 | D:7      | Slain by an eight-headed hydra

Action                   |  1- 3 |  4- 6 |  7- 9 || total
-------------------------+-------+-------+-------++-------
Melee: Quarterstaff      |   110 |   303 |   342 ||   755
Throw: Throwing net      |       |     1 |       ||     1
Invok: Animate Remains   |       |     1 |     2 ||     3
 Abil: Breathe Sticky Fl |       |       |    17 ||    17
Evoke: Wand              |       |     1 |     6 ||     7
  Use: Potion            |       |     2 |     3 ||     5
       Scroll            |       |       |    16 ||    16
 Stab: Sleeping          |       |     1 |     2 ||     3
       Distracted        |       |       |     1 ||     1
  Eat: Bread ration      |     1 |     1 |     1 ||     3
       Meat ration       |       |     1 |     2 ||     3
       Chunk             |       |       |     5 ||     5
